 Dungeon Crawl Stone Soup version 0.24-a0-181-gd121a6d (webtiles) character file.

Game seed: 5660038746072632165

153 Lanoc the Ducker (level 5, 0/31 HPs)
             Began as a Deep Elf Gladiator on Mar 14, 2019.
             Was a Follower of Zin.
             Slain by a hippogriff (10 damage)
             ... on level 3 of the Dungeon.
             The game lasted 00:07:47 (3409 turns).

Lanoc the Ducker (Deep Elf Gladiator)               Turns: 3409, Time: 00:07:48

Health: 0/31       AC:  4    Str: 11    XL:     5   Next: 12%
Magic:  9/9        EV: 14    Int: 14    God:    Zin [*.....]
Gold:   49         SH:  0    Dex: 16    Spells: 6/6 levels left

rFire    . . .     SeeInvis .   a - +0 quarterstaff
rCold    . . .     Gourm    .   (shield currently unavailable)
rNeg     . . .     Faith    .   b - +0 leather armour
rPois    .         Spirit   .   c - +0 helmet
rElec    .         Reflect  .   (no cloak)
rCorr    .         Harm     .   (no gloves)
MR       .....                  (no boots)
Stlth    +.........             (no amulet)
HPRegen  0.10/turn              (no ring)
MPRegen  0.11/turn              (no ring)

@: no status effects
A: no striking features
a: Recite, Donate Gold, Renounce Religion


You were on level 3 of the Dungeon.
You worshipped Zin.
Zin was aware of your devotion.
You were not hungry.

You visited 1 branch of the dungeon, and saw 3 of its levels.

You collected 54 gold pieces.
You donated 5 gold pieces to Zin.

Inventory:

Hand Weapons
 a - a +0 quarterstaff (weapon)
Missiles
 d - a throwing net (quivered)
Armour
 b - a +0 leather armour (worn)
 c - a +0 helmet (worn)
Magical Staves
 m - an uncursed staff of cold
Scrolls
 e - a scroll of blinking {unknown}
 g - a scroll of teleportation {unknown}
 h - a scroll of remove curse
 o - a scroll of fear
Potions
 i - a potion of flight {unknown}
 k - a potion of magic
 n - a potion of resistance
Comestibles
 f - 2 rations


   Skills:
 + Level 2.5 Fighting
 * Level 4.5 Staves
 - Level 2.0 Throwing
 + Level 4.6 Dodging
 + Level 1.4 Spellcasting


You had 6 spell levels left.
You didn't know any spells.
Your spell library was empty.

Dungeon Overview and Level Annotations

Branches:
Dungeon (3/15)

Altars:
Sif Muna
Zin


Message History

The hippogriff is severely wounded.
The hippogriff struggles against the net.
You hit the hippogriff.
The hippogriff is severely wounded.
The hippogriff struggles against the net.
You hit the hippogriff but do no damage.
The hippogriff is severely wounded.
The hippogriff struggles against the net.
You sock the hippogriff!
The hippogriff is almost dead.
The hippogriff struggles against the net.
You hit the hippogriff.
The hippogriff is almost dead.
The hippogriff struggles against the net.
The net rips apart, and the hippogriff comes free!
You barely miss the hippogriff.
The hippogriff is almost dead.
The hippogriff bites you. The hippogriff misses you. The hippogriff claws you!
The hippogriff bites you!
You die...

#...... #.##..# ##
#.##... ... #.##..# ..
#.##...
####.############......
#................######
.#.##.##..#####.#..#
......H@### ###....##
......#.# #...#...#
#.)## #.# ##.##.##.## #
#.# #..#.()#..#
#.####..#...#..#
##.......#.#.#..###
..........##.##....#
####.............#.#
#...........#.#..


You could see a hippogriff.

Vanquished Creatures
  A bullfrog skeleton (D:3)
  Robin (D:2)
  2 adders
  An ooze (D:2)
  A worm (D:3)
  5 dart slugs
  A leopard gecko (D:1)
  An orc (D:3)
  2 ball pythons
  4 giant cockroaches
  19 goblins
  10 hobgoblins
  A quokka (D:3)
  4 bats
  3 frilled lizards
  8 kobolds
  8 rats
72 creatures vanquished.

Notes
Turn   | Place    | Note
-------+----------+-------------------------------------------
     0 | D:1      | Lanoc the Deep Elf Gladiator began the quest for the Orb.
     0 | D:1      | Reached XP level 1. HP: 12/12 MP: 3/3
    68 | D:1      | Reached XP level 2. HP: 17/17 MP: 4/4
   555 | D:1      | Reached XP level 3. HP: 18/21 MP: 5/5
  1240 | D:2      | Found a faded altar of an unknown god.
  1259 | D:2      | Became a worshipper of Zin the Law-Giver
  1259 | D:2      | Reached * piety under Zin
  1770 | D:3      | Reached XP level 4. HP: 26/26 MP: 6/6
  1851 | D:3      | Noticed Robin
  1875 | D:2      | HP: 1/26 [goblin/cursed +0 club[Robin] (8)]
  2336 | D:2      | Killed Robin
  2857 | D:3      | Reached skill level 1 in Spellcasting
  3197 | D:3      | Found a deep blue altar of Sif Muna.
  3230 | D:3      | Reached XP level 5. HP: 14/31 MP: 7/9
  3392 | D:3      | Noticed a hippogriff
  3409 | D:3      | Slain by a hippogriff

Levels and vault maps discovered:
D:1:      dpeg_arrival_rooms_b, layout_basic
D:2:      layout_rooms, chequers_ecumenical_altar_island
D:3:      layout_loops_cross, lemuel_blue_sif_altar, minmay_distorted,
          uniq_robin

Skill      XL: |  1  2  3  4 |
---------------+-------------+-----
Dodging        | 4 |  4.6
Fighting       | 2 |  2.5
Staves         | 4 |  4.5
Spellcasting   | 1 |  1.4
Throwing       | |  2.0

Action                   |  1- 3 |  4- 6 || total
-------------------------+-------+-------++-------
Melee: Quarterstaff      |   157 |   105 ||   262
Throw: Throwing net      |       |     2 ||     2
  Use: Scroll            |     8 |       ||     8
       Potion            |       |     2 ||     2
 Stab: Held in net/web   |       |     1 ||     1
  Eat: Chunk             |     2 |     3 ||     5
       Ration            |       |     1 ||     1
Armor: Leather armour    |    43 |    21 ||    64
       Skin              |       |     1 ||     1
Dodge: Dodged            |   128 |    66 ||   194

Table legend:
 A = Non-vault XP
 B = Vault XP
 C = Vault XP percentage of total XP
 D = Non-vault monster count
 E = Vault monster count
 F = Vault count percentage of total count
                 A         B        C        D         E       F
            +---------+---------+-------+---------+---------+-------
      Total |     176 |      43 |  19.6 |      59 |      13 |  18.1
            +---------+---------+-------+---------+---------+-------
        D:1 |      56 |       0 |   0.0 |      30 |       0 |   0.0
        D:2 |      40 |      26 |  39.4 |      14 |       5 |  26.3
        D:3 |      80 |      17 |  17.5 |      15 |       8 |  34.8
            +---------+---------+-------+---------+---------+-------
